 Dungeon Crawl Stone Soup version 0.24-a0-269-g32ec7ca (webtiles) character file.

Game seed: 15146287247330385747

23 AngleWyrm the Caller (level 2, -1/19 HPs)
             Began as a Merfolk Summoner on Apr 22, 2019.
             Slain by an adder (3 damage)
             ... on level 2 of the Dungeon.
             The game lasted 00:16:03 (922 turns).

AngleWyrm the Caller (Merfolk Summoner)              Turns: 922, Time: 00:16:03

Health: -1/19      AC:  3    Str:  6 (8)  XL:     2   Next: 95%
Magic:  0/5        EV: 12    Int: 13 (14) God:
Gold:   8          SH:  0    Dex: 11 (14) Spells: 2/5 levels left

rFire    . . .     SeeInvis .   h - +0 dagger
rCold    . . .     Gourm    .   (no shield)
rNeg     . . .     Faith    .   a - +0 robe
rPois    .         Spirit   .   (no helmet)
rElec    .         Reflect  .   (no cloak)
rCorr    .         Harm     .   i - +0 pair of gloves
MR       .....                  (no boots)
Stlth    ++........             (no amulet)
HPRegen  0.06/turn              (no ring)
MPRegen  0.09/turn              (no ring)

@: no status effects
A: change form in water, swift swim, stealthy swim
a: no special abilities


You were on level 2 of the Dungeon.
You were not hungry.

You visited 1 branch of the dungeon, and saw 2 of its levels.

You collected 8 gold pieces.

Inventory:

Hand Weapons
 h - a +0 dagger (weapon)
Missiles
 b - 16 stones (quivered)
 j - 20 sling bullets
Armour
 a - a +0 robe (worn)
 i - a +0 pair of gloves (worn)
Scrolls
 d - 2 scrolls of identify {unknown}
Comestibles
 c - 3 rations


   Skills:
 * Level 0.4 Armour
 + Level 2.7 Dodging
 + Level 2.1 Stealth
 + Level 2.0 Spellcasting
 + Level 4.6 Summonings


You had 2 spell levels left.
You knew the following spells:

 Your Spells              Type           Power        Failure   Level  Hunger
a - Summon Small Mammal   Summ           ##..         3%          1    ##.....
b - Call Imp              Summ           ##......     5%          2    ###....

Your spell library contained the following spells:

 Spells                   Type           Power        Failure   Level  Hunger
 Call Canine Familiar     Summ           ##......     11%         3    ####...
 Summon Guardian Golem    Hex/Summ       #.......     28%         3    ####...
 Summon Ice Beast         Ice/Summ       #.......     67%         4    #####..
 Summon Lightning Spire   Summ/Air       #.......     67%         4    #####..


Dungeon Overview and Level Annotations

Branches:
Dungeon (2/15)

Altars:


Message History

You feel sick.
You are no longer poisoned.
The adder bites you but does no damage.
An ooze and 2 goblins come into view.
Found a scroll labeled LUIZXE VITOC.
Found a scroll labeled YCYITU PELI.
The adder completely misses you.
The ooze quivers.
The adder misses you.
Found a scroll labeled YSEOGA TECYOTH.
Casting: Summon Small Mammal (safe; 3% risk of failure)
Confirm with . or Enter, or press ? or * to list all spells.
The goblin shouts!
You hear a shout!
The adder completely misses you.
You hit the adder but do no damage.
The adder is almost dead.
Your bat misses the adder.
A bat comes into view.
The adder bites you.
You die...

......### ....
.....b......### ...
............?.? ..
.....?.....g.. ##
............#
#.....^....############
#....J.b............†.
#.........############
#....@S...# ###########


You could see an ooze, an adder, a goblin, a bat and a friendly bat.

Vanquished Creatures
  A hobgoblin (D:1)
1 creature vanquished.

Vanquished Creatures (collateral kills)
  An adder (D:2)
  2 oozes (D:1)
  A dart slug (D:1)
  A leopard gecko (D:1)
  2 bats
  4 giant cockroaches (D:1)
  A goblin (D:1)
  3 hobgoblins (D:1)
  A kobold (D:1)
  A frilled lizard (D:1)
  2 rats (D:1)
19 creatures vanquished.

Grand Total: 20 creatures vanquished

Notes
Turn   | Place    | Note
-------+----------+-------------------------------------------
     0 | D:1      | AngleWyrm the Merfolk Summoner began the quest for the Orb.
     0 | D:1      | Reached XP level 1. HP: 13/13 MP: 3/3
   444 | D:1      | Reached XP level 2. HP: 18/19 MP: 0/5
   448 | D:1      | Learned a level 2 spell: Call Imp
   922 | D:2      | Slain by an adder

Levels and vault maps discovered:
D:1:      dpeg_arrival_orchard, layout_basic, minmay_crystal_room,
          interstate_on_off, minmay_hedge_maze
D:2:      layout_rooms, chequers_ecumenical_altar_simple_redux, uniq_robin

Action                   || total
-------------------------++-------
Melee: Unarmed           ||    10
       Dagger            ||    13
 Cast: Summon Small Mamm ||    20
       Call Imp          ||    10
  Use: Potion            ||     2
  Eat: Chunk             ||     1
Armor: Robe              ||     7
Dodge: Dodged            ||    46

Table legend:
 A = Non-vault XP
 B = Vault XP
 C = Vault XP percentage of total XP
 D = Non-vault monster count
 E = Vault monster count
 F = Vault count percentage of total count
                 A         B        C        D         E       F
            +---------+---------+-------+---------+---------+-------
      Total |      33 |       0 |   0.0 |      20 |       0 |   0.0
            +---------+---------+-------+---------+---------+-------
        D:1 |      25 |       0 |   0.0 |      18 |       0 |   0.0
        D:2 |       8 |       0 |   0.0 |       2 |       0 |   0.0
            +---------+---------+-------+---------+---------+-------
